 Dungeon Crawl Stone Soup version 0.19-a0-805-g0a78ef0 (webtiles) character file.

955 4thArraOfDagon the Chopper (level 8, -3/63 HPs)
             Began as a Formicid Monk on June 27, 2016.
             Was a Believer of Makhleb.
             Hit by a large rock thrown by a cyclops (8 damage)
             ... on level 12 of the Dungeon.
             The game lasted 00:11:01 (1692 turns).

4thArraOfDagon the Chopper (Formicid Monk)          Turns: 1692, Time: 00:11:01

Health: -3/63      AC:  5    Str: 17    XL:     8   Next: 36%
Magic:  10/10      EV: 13    Int: 11    God:    Makhleb [**....]
Gold:   152        SH:  0    Dex: 13    Spells: 0 memorised, 7 levels left

rFire  + . .     SeeInvis +     a - +0 hand axe
rCold  + . .     Gourm    .     m - troll hide
rNeg   . . .     Faith    .     (no shield)
rPois  +         Spirit   .     (helmet unavailable)
rElec  +         Dismiss  .     (no cloak)
rCorr  +         Reflect  .     (no gloves)
SustAt .         Harm     .     d - +2 pair of boots
MR     .....                    (no amulet)
Stlth  +.........               e - ring of loudness (curse)
                                i - ring of teleportation (curse)

@: resistant, not resistant to hostile enchantments, very unstealthy
A: permanent stasis, dig shafts and tunnels, four strong arms, antennae 3
a: Dig, Shaft Self, Minor Destruction, Renounce Religion


You were on level 12 of the Dungeon.
You worshipped Makhleb.
Makhleb was pleased with you.
You were not hungry.

You visited 1 branch of the dungeon, and saw 10 of its levels.

You collected 152 gold pieces.

Inventory:

Hand Weapons
 a - a +0 hand axe (weapon)
Armour
 d - a +2 pair of boots (worn)
 j - a +0 scale mail
 m - a troll hide (worn)
Jewellery
 b - an uncursed ring of ice {unknown}
 e - a cursed ring of loudness (right hand)
 i - a cursed ring of teleportation (left hand)
 n - an uncursed ring of protection from fire
 q - a +4 ring of dexterity {unknown}
Wands
 t - a wand of random effects (27/48)
Scrolls
 l - a scroll of blinking
 p - 2 scrolls of noise
Potions
 f - a potion of haste
 k - a potion of berserk rage
 o - a potion of degeneration
Books
 r - a book of Cantrips

   Spells                             Type                      Level
   a - Confusing Touch                Hexes                        1
   b - Animate Skeleton               Necromancy                   1
   c - Summon Small Mammal            Summoning                    1
   d - Apportation                    Translocation                1
Comestibles
 c - a bread ration
 h - 2 meat rations
 s - 5 chunks of flesh


   Skills:
 + Level 5.5 Fighting
 * Level 6.8 Axes
 + Level 3.4 Armour
 - Level 3.6 Dodging
 - Level 2.4 Stealth
 + Level 3.3 Invocations


You had 7 spell levels left.
You didn't know any spells.

Dungeon Overview and Level Annotations

Branches:
Dungeon (8/15)
 Temple: D:4-7         Lair: D:8-11

Altars:
Makhleb
Pakellas

Annotations:
D:5 Edmund


Innate Abilities, Weirdness & Mutations

You are under a permanent stasis effect.
You can dig through walls and to a lower floor.
Your four strong arms can wield two-handed weapons with a shield.
You have a pair of large antennae on your head. (SInv)


Message History

The centaur shoots an arrow.
The arrow hits you!
A centaur and a cyclops come into view.
Unknown command.
Unknown command.
It was a potion of resistance.
You feel protected.
The centaur shoots an arrow.
The arrow hits you!
* * * LOW HITPOINT WARNING * * *
The centaur shoots an arrow.
The arrow hits you!
* * * LOW HITPOINT WARNING * * *
Unknown command.
Unknown command.
Unknown command.
Unknown command.
Unknown command.
Are you sure you want to shaft yourself?
You feel quite a bit more hungry.
The centaur shoots an arrow.
The arrow closely misses you.
The cyclops throws a large rock.
The large rock hits you!
You die...

#.............. .....
##...........c..#####C....
................../.......
..........................
....######................
.#..# #................
##..# #........(.......
##..# #.......(........
#..# #......@.........
#..# #................
#..# #................
#..# #................
##..# #................
....######................
....[.....................
#############.############
##.##


You could see a cyclops and a centaur.

Vanquished Creatures
  A giant frog (D:6)
  A scorpion (D:5)
  A hound (D:6)
  An orc priest (D:4)
  2 orc wizards
  Robin (D:4)
  A gnoll (D:6)
  5 adders
  An ooze (D:4)
  An adder zombie (D:6)
  2 giant geckos
  12 orcs
  3 bats
  16 goblins
  6 hobgoblins
  3 jackals (D:3)
  A ball python (D:3)
  A giant newt (D:2)
  3 kobolds
  6 rats
68 creatures vanquished.

Vanquished Creatures (collateral kills)
  A troll (D:12)
  5 yaks (D:12)
  A giant frog (D:12)
  A jelly (D:12)
  A worker ant (D:6)
  A giant gecko (D:6)
  A giant cockroach (D:6)
  A jackal skeleton (D:6)
12 creatures vanquished.

Grand Total: 80 creatures vanquished

Notes
Turn   | Place    | Note
--------------------------------------------------------------
     0 | D:1      | 4thArraOfDagon the Formicid Monk began the quest for the Orb.
     0 | D:1      | Reached XP level 1. HP: 18/18 MP: 1/1
    59 | D:1      | Reached XP level 2. HP: 15/24 MP: 2/2
   115 | D:2      | Found an oddly glowing altar of Pakellas.
   282 | D:2      | Reached XP level 3. HP: 6/29 MP: 3/3
   329 | D:2      | Found a faded altar of an unknown god.
   477 | D:4      | Noticed a phantom
   631 | D:5      | Entered Level 5 of the Dungeon
   658 | D:5      | Noticed a scorpion
   667 | D:5      | Killed a scorpion
   667 | D:5      | Reached skill level 4 in Axes
   667 | D:5      | Reached XP level 4. HP: 26/37 MP: 4/4
   672 | D:5      | Found a burning altar of Makhleb.
   674 | D:5      | Became a worshipper of Makhleb the Destroyer
   674 | D:5      | Reached * piety under Makhleb
   674 | D:5      | Reached ** piety under Makhleb
   754 | D:4      | Noticed Robin
   777 | D:4      | Reached XP level 5. HP: 32/42 MP: 5/5
   799 | D:4      | Killed Robin
  1033 | D:5      | Noticed an orc warrior
  1066 | D:5      | Reached XP level 6. HP: 32/49 MP: 6/6
  1080 | D:5      | Noticed Edmund
  1107 | D:6      | Reached skill level 5 in Axes
  1107 | D:6      | Reached skill level 1 in Armour
  1175 | D:6      | Reached *** piety under Makhleb
  1226 | D:6      | Reached skill level 1 in Invocations
  1272 | D:6      | You fall through a shaft for 2 floors!
  1399 | D:7      | You fall through a shaft for 3 floors!
  1399 | D:10     | Entered Level 10 of the Dungeon
  1416 | D:10     | Reached XP level 7. HP: 46/55 MP: 6/8
  1476 | D:10     | Noticed an orange demon
  1480 | D:10     | You fall through a shaft for 2 floors!
  1520 | D:12     | Noticed a yak
  1521 | D:12     | Noticed a yak
  1544 | D:12     | Killed a yak
  1544 | D:12     | Reached skill level 6 in Axes
  1561 | D:12     | Noticed a yak
  1569 | D:12     | Noticed a yak
  1569 | D:12     | Noticed a yak
  1570 | D:12     | Killed a yak
  1570 | D:12     | Reached skill level 5 in Fighting
  1575 | D:12     | Noticed a troll
  1581 | D:12     | Killed a yak
  1604 | D:12     | Killed a yak
  1604 | D:12     | Reached XP level 8. HP: 13/62 MP: 8/10
  1614 | D:12     | Killed a troll
  1617 | D:12     | Killed a yak
  1689 | D:12     | Noticed a cyclops
  1692 | D:12     | Hit by a large rock thrown by a cyclops

Vault maps used:
D:1:      tarquinn_simple_flora_water_d
D:2:      old_standard_altar, lemuel_coloured_pillars_altar, ecumenical_altar_2,
          minmay_split_cup_small
D:3:      lemuel_castle_with_subvaults
D:4:      serial_glass, glass_columns_a, glass_columns_a, uniq_robin
D:5:      lemuel_doored_altar, nicolae_dithmenos_the_darkroom, first_bread,
          uniq_edmund
D:6:      okawaru_ov_weapons_minmay
D:7:      serial_shops, nicolae_shop_stone, grunt_livestock, uniq_duvessa,
          uniq_menkaure, uniq_joseph
D:8:      xom_teletrap_fun, nicolae_overflow_crystal_walls,
          gammafunk_temple_overflow_elements, nemelex_xobeh_ov_fountains_minmay
D:10:     hiddenorc1_lemuel, eino_curves_01, fedhas_altar_3
D:12:     serial_shops, shop_coins, lab_entry_generic

Skill      XL: |  1  2  3  4  5  6  7  8 |
---------------+-------------------------+-----
Dodging        | 3 |  3.6
Axes           | 4 5 6 |  6.8
Fighting       | 4 5 |  5.5
Armour         | 1 3 |  3.4
Invocations    | 1 2 3 |  3.3
Stealth        | |  2.4

Action                   |  1- 3 |  4- 6 |  7- 9 || total
-------------------------+-------+-------+-------++-------
Melee: Hand axe          |    91 |   189 |    34 ||   314
Invok: Lesser Servant of |       |     1 |     6 ||     7
 Abil: Dig               |     3 |    11 |     4 ||    18
       Shaft Self        |       |     2 |     2 ||     4
Evoke: Wand              |       |       |     1 ||     1
  Use: Potion            |     3 |       |     1 ||     4
       Scroll            |     3 |     4 |       ||     7
 Stab: Sleeping          |     3 |       |       ||     3
  Eat: Beef jerky        |       |     1 |     1 ||     2
       Chunk             |       |     2 |     2 ||     4
Armor: Robe              |    20 |       |       ||    20
       Skin              |    11 |       |       ||    11
       Scale mail        |       |    74 |    16 ||    90
Dodge: Dodged            |    77 |    96 |    19 ||   192
